 Dungeon Crawl Stone Soup version 0.22-a0-159-g7ce444f (webtiles) character file.

6 RuleOfThree the Grasshopper (level 1, 0/16 HPs)
             Began as a Demonspawn Warper on Feb 9, 2018.
             Hit by a stone thrown by a kobold (3 damage)
             ... on level 1 of the Dungeon.
             The game lasted 00:00:33 (207 turns).

RuleOfThree the Grasshopper (Demonspawn Warper)      Turns: 207, Time: 00:00:33

Health: 0/16       AC:  3    Str: 11    XL:     1   Next: 75%
Magic:  3/3        EV: 12    Int: 14    God:
Gold:   8          SH:  0    Dex: 12    Spells: 4/4 levels left

rFire    . . .     SeeInvis .     - Unarmed
rCold    . . .     Gourm    .   (no shield)
rNeg     . . .     Faith    .   a - +0 leather armour
rPois    .         Spirit   .   (no helmet)
rElec    .         Reflect  .   (no cloak)
rCorr    .         Harm     .   (no gloves)
MR       .....                  (no boots)
Stlth    +.........             (no amulet)
HPRegen  0.05/turn              (no ring)
MPRegen  0.08/turn              (no ring)

@: no status effects
A: no striking features
a: no special abilities


You were on level 1 of the Dungeon.
You were not hungry.

You visited 1 branch of the dungeon, and saw 1 of its levels.

You collected 8 gold pieces.

Inventory:

Missiles
 d - 5 tomahawks of dispersal (quivered)
Armour
 a - a +0 leather armour (worn)
Scrolls
 c - a scroll of blinking
Books
 b - a book of Spatial Translocations

   Spells                             Type                      Level
   a - Blink                          Translocation                2
   b - Shroud of Golubria             Charms/Translocation         2
   c - Lesser Beckoning               Translocation                3
   d - Gell's Gravitas                Translocation                3
   e - Teleport Other                 Translocation                3
   f - Passage of Golubria            Translocation                4
Comestibles
 f - 2 rations
 g - 4 chunks of flesh


   Skills:
 * Level 2.2 Fighting
 - Level 0.8 Throwing
 - Level 0.8 Armour
 + Level 1.8 Dodging
 * Level 2.0 Unarmed Combat
 + Level 2.0 Spellcasting
   Level 2.6 Translocations


You had 4 spell levels left.
You didn't know any spells.

Dungeon Overview and Level Annotations

Branches:
Dungeon (1/15)

Altars:


Message History

The kobold is moderately wounded.
The bat barely misses you. The kobold hits you with a club.
A bat comes into view.
You hit the kobold but do no damage.
The kobold is moderately wounded.
You barely miss the kobold.
The kobold is moderately wounded.
The kobold closely misses you. The bat barely misses you. The bat hits you.
The bat hits you but does no damage. The bat barely misses you.
You see here a stone.
The bat closely misses you. The bat hits you but does no damage.
Things that are here:
a stone; a club; a goblin corpse The bat hits you but does no damage.
The bat hits you.
* * * LOW HITPOINT WARNING * * *
The bat barely misses you. The bat hits you.
* * * LOW HITPOINT WARNING * * *
The kobold throws a stone.
The stone hits you.
You die...

#..# # #..# .
###.##..### .
..........# #.
#..#(# # #.
####.(#.###.#
#.#####.[..Kb.$...#
#................##
#..#.....b.@..##...
#....##.#.#(.......
#.#..##..###.###...
#.......##.##.## ##
###....##.#.##.#
##.##..###...#.#
#.....###.....#
#####..#..#.###
##...##.#


You could see 2 bats and a kobold.

Vanquished Creatures
  A dart slug (D:1)
  2 goblins (D:1)
  A frilled lizard (D:1)
4 creatures vanquished.

Notes
Turn   | Place    | Note
-------+----------+-------------------------------------------
     0 | D:1      | RuleOfThree the Demonspawn Warper began the quest for the Orb.
     0 | D:1      | Reached XP level 1. HP: 16/16 MP: 3/3
   207 | D:1      | Hit by a stone thrown by a kobold

Vault maps used:
D:1:      eino_arrival_cavern_b, nrook_mini_vaults

Skill      XL: |  1 |
---------------+----+-----
Unarmed Combat | 2 |  2.0
Fighting       | |  2.2
Throwing       | |  0.8
Armour         | |  0.8
Dodging        | |  1.8
Spellcasting   | |  2.0
Translocations | |  2.6

Action                   || total
-------------------------++-------
Melee: Unarmed           ||    28
Armor: Leather armour    ||    10
Dodge: Dodged            ||    16

Table legend:
 A = Spawn XP
 B = Non-spawn XP
 C = Spawn XP percentage of total XP
 D = Spawn monster count
 E = Non-spawn monster count
 F = Spawn count percentage of total count
 G = Total turns spent on level
                    A         B        C        D         E        F      G
               +---------+---------+-------+---------+---------+-------+---------
         Total |       0 |       9 |   0.0 |       0 |       4 |   0.0 |   207
               +---------+---------+-------+---------+---------+-------+---------
           D:1 |       0 |       9 |   0.0 |       0 |       4 |   0.0 |   207
               +---------+---------+-------+---------+---------+-------+---------
